 Dungeon Crawl Stone Soup version 0.26-a0-752-gcff87cac9a (webtiles) character file.

Game seed: 13455252023210281490

4326 iamoutofideas the Thaumaturge (level 10, -3/51 (52) HPs)
             Began as a Deep Elf Ice Elementalist on Nov 6, 2020.
             Was an Initiate of Sif Muna.
             Slain by a wyvern (10 damage)
             ... on level 8 of the Dungeon.
             The game lasted 00:21:18 (13195 turns).

iamoutofideas the Thaumaturge (DEIE)               Turns: 13195, Time: 00:21:18

HP:   -3/51 (52)    AC: 10    Str:  6    XL:     10   Next: 11%
MP:   24/25         EV: 12    Int: 23    God:    Sif Muna [......]
Gold: 389           SH:  0    Dex: 21    Spells: 12/28 levels left

rFire    . . .     SeeInvis .   o - +6 club
rCold    + . .     Faith    .   (no shield)
rNeg     . . .     Spirit   .   w - +3 ring mail of Gallantry {rC+}
rPois    .         Reflect  .   k - +0 helmet
rElec    .         Harm     .   (no cloak)
rCorr    .         Rampage  .   u - +0 pair of gloves
MR       +....                  (no boots)
Stlth    +++.......             (no amulet)
HPRegen  0.17/turn              t - ring of wizardry
MPRegen  0.19/turn              D - +6 ring of dexterity

@: frozen ramparts, drained
A: no striking features
a: Renounce Religion


You were on level 8 of the Dungeon.
You worshipped Sif Muna.
Sif Muna was noncommittal.
You visited 2 branches of the dungeon, and saw 10 of its levels.

You collected 389 gold pieces.

Inventory:

Hand Weapons
 d - a +1 dagger of freezing
 o - a +6 club (weapon)
 A - a +2 dagger of electrocution
Armour
 a - a +0 robe
 c - a +0 robe
 k - a +0 helmet (worn)
 u - a +0 pair of gloves (worn)
 w - the +3 ring mail of Gallantry (worn) {rC+}
   (You found it on level 4 of the Dungeon)

   It protects you from cold.
Jewellery
 i - an uncursed amulet of faith
 t - a ring of wizardry (left hand)
 D - a +6 ring of dexterity (right hand)
Wands
 v - a wand of disintegration (23)
 z - a wand of digging (6)
 C - a wand of random effects (18)
 F - a wand of acid (11)
Scrolls
 e - 2 scrolls of enchant armour {unknown}
 g - 4 scrolls of remove curse
 m - 2 scrolls of enchant weapon
 r - 2 scrolls of fear
 s - 2 scrolls of magic mapping
 x - a scroll of teleportation {unknown}
 y - a scroll of amnesia {unknown}
 G - a scroll of identify
Potions
 b - a potion of degeneration {unknown}
 f - 5 potions of curing
 h - 4 potions of berserk rage
 j - a potion of flight {unknown}
 l - a potion of magic {unknown}
 n - 2 potions of cancellation
 p - 2 potions of heal wounds
 q - 3 potions of might {unknown}
 B - 2 potions of mutation {unknown}
 E - a potion of resistance {unknown}


   Skills:
 - Level 1.6(1.0) Fighting
 - Level 0.7(0.1) Maces & Flails
 - Level 1.1(0.5) Armour
 - Level 6.1(5.5) Dodging
 - Level 5.6(4.9) Stealth
 + Level 9.9(9.2) Spellcasting
 + Level 4.8(4.2) Transmutations
 - Level 8.4(7.7) Ice Magic
 * Level 7.6(6.9) Poison Magic
 - Level 1.4(0.8) Evocations


You had 12 spell levels left.
You knew the following spells:

 Your Spells              Type           Power        Failure   Level
a - Freeze                Ice            ####         1%          1
b - Frozen Ramparts       Ice            #####.       1%          3
c - Ozocubu's Armour      Ice            #####...     1%          3
d - Alistair's Intoxicat  Tmut/Pois      #####....    26%         5
e - Hailstorm             Conj/Ice       ####....     19%         4

Your spell library contained the following spells:

 Spells                   Type           Power        Failure   Level
 Apportation              Tloc           ##....       10%         1
 Summon Small Mammal      Summ           ##..         10%         1
 Call Imp                 Summ           ##......     16%         2
 Summon Ice Beast         Ice/Summ       ####....     19%         4
 Call Canine Familiar     Summ           ##......     28%         3
 Lesser Beckoning         Tloc           ##........   28%         3
 Summon Guardian Golem    Hex/Summ       ##......     28%         3
 Tukima's Dance           Hex            ##......     28%         3
 Summon Lightning Spire   Summ/Air       ##......     65%         4
 Invisibility             Hex            ##......     100%        6


Dungeon Overview and Level Annotations

Branches:
Dungeon (9/15)             Temple (1/1) D:5
   Lair: D:8-11         Orc: D:9-12

Altars:
Ashenzari
Cheibriados
Dithmenos
Elyvilon
Fedhas
Gozag
Hepliaklqana
Kikubaaqudgha
Makhleb
Okawaru
Qazlal
Ru
Sif Muna
Trog
Uskayaw
Xom
Yredelemnul
Zin
The Shining One

Shops:
D:7 *

Annotations:
D:2 exclusion: downstairs
D:3 exclusion: downstairs
D:6 exclusion: downstairs


Message History

The wall freezes the wyvern.
The wall freezes the adder.
The adder seems to slow down.
The wall freezes the wyvern.
The wyvern misses you.
The wall freezes the bullfrog.
The wall freezes the wyvern.
The wall freezes the adder!
You kill the adder!
Sif Muna accepts your kill.
The wall freezes the bullfrog. x2; The wyvern closely misses you.
The ufetubus resists.
The wall freezes the ufetubus.
The wall freezes the bullfrog!
The ufetubus resists.
The wall freezes the ufetubus.
You see here a robe.
The ufetubus resists.
The wall freezes the ufetubus.
The wall freezes the quokka.
You kill the quokka!
Sif Muna accepts your kill.
The wyvern bites you but does no damage.
The wyvern misses you. The wyvern bites you!
You die...

.#......(...# #.................
.#....(<##### #.####............
(#...(.(########.#####.##########
[.(.(...(.(((.((............)).(.
.#.##[..##.....#.################
.#(##...##.###.#.# ########
.#.##...##.# #.#.# #.......
.#.##...##.# #.#.#########.######
.#.##...##.###.#@........(.#####
).......'.......lF.............##
##(##...##.###.#...........###≈≈≈
##.##...##.# #.#5..........##≈≈..
##.####.##.# #.#.#########.##≈...
##.# #.##.# #..[............≈..○
##.# #.##.# #...............≈..○
##.####.##.# #...............≈≈..
#.....#.##.# #...............#≈≈≈


You could see a wyvern, a bullfrog and an ufetubus.

Vanquished Creatures
  Pikel (D:4)
  A troll (D:9)
  Sigmund (D:3)
  A wyvern (D:8)
  2 phantoms
  An orc warrior (D:8)
  2 sky beasts
  An ice beast (D:4)
  4 ogres
  A necrophage (D:5)
  5 centaurs
  A lemure (D:4)
  3 bullfrogs
  5 scorpions
  11 wights
  5 howler monkeys
  An electric eel (D:7)
  2 bullfrog zombies
  A quasit (D:8)
  4 hounds
  A jelly (D:9)
  An orc priest (D:4)
  A centaur skeleton (D:6)
  7 orc wizards
  2 bullfrog skeletons
  An iguana (D:4)
  4 worker ants
  A hound zombie (D:5)
  A hound skeleton (D:6)
  Robin (D:2)
  5 adders
  3 oozes
  An adder zombie (D:6)
  2 worms
  3 dart slugs
  7 leopard geckos
  25 orcs
  2 ball pythons
  A giant cockroach (D:7)
  19 goblins
  11 hobgoblins
  7 quokkas
  3 bats (D:1)
  2 frilled lizards
  A giant cockroach zombie (D:5)
  6 kobolds
  7 rats
178 creatures vanquished.

Vanquished Creatures (others)
  A worker ant (D:8)
  An adder (D:8)
  An ufetubus (D:8)
3 creatures vanquished.

Grand Total: 181 creatures vanquished

Notes
Turn   | Place    | Note
-------+----------+-------------------------------------------
     0 | D:1      | iamoutofideas the Deep Elf Ice Elementalist began the quest
                  | for the Orb.
     0 | D:1      | Reached XP level 1. HP: 10/10 MP: 6/6
     2 | D:1      | Noticed an ogre
     2 | D:1      | Noticed a gargoyle
     4 | D:1      | Noticed a formicid
     4 | D:1      | Noticed a demigod
     6 | D:1      | Noticed a felid
     6 | D:1      | Noticed a demonspawn
     8 | D:1      | Noticed a human
    11 | D:1      | Noticed an elf
    11 | D:1      | Noticed a tengu
    13 | D:1      | Noticed a ghoul
    15 | D:1      | Noticed a vine stalker
    15 | D:1      | Noticed a dwarf
    17 | D:1      | Noticed an octopode
    17 | D:1      | Noticed a draconian
    19 | D:1      | Noticed a merfolk
    21 | D:1      | Noticed a naga
    21 | D:1      | Noticed a halfling
    23 | D:1      | Noticed a vampire
    23 | D:1      | Noticed a centaur
    25 | D:1      | Noticed a spriggan
    27 | D:1      | Noticed a troll
    27 | D:1      | Noticed a minotaur
   161 | D:1      | Reached XP level 2. HP: 15/15 MP: 5/8
   467 | D:1      | Reached skill level 5 in Ice Magic
  1321 | D:2      | Reached XP level 3. HP: 19/19 MP: 6/9
  1396 | D:2      | Noticed Robin
  1666 | D:2      | Learned a level 3 spell: Frozen Ramparts
  1979 | D:2      | Reached XP level 4. HP: 24/24 MP: 7/11
  2087 | D:2      | Killed Robin
  2103 | D:2      | Learned a level 3 spell: Ozocubu's Armour
  2540 | D:3      | Noticed Sigmund
  2592 | D:3      | Found a bloodstained altar of Trog.
  2599 | D:3      | Reached skill level 4 in Spellcasting
  2629 | D:3      | Reached XP level 5. HP: 17/28 MP: 6/13
  3020 | D:3      | Killed Sigmund
  3020 | D:3      | Reached skill level 5 in Spellcasting
  3020 | D:3      | Reached XP level 6. HP: 10/33 MP: 9/15
  3418 | D:3      | Found a shimmering blue altar of Sif Muna.
  3575 | D:4      | HP: 1/33 [bullfrog skeleton (6)]
  4714 | D:4      | Noticed Pikel
  4739 | D:4      | Killed Pikel
  4739 | D:4      | Reached skill level 1 in Fighting
  4739 | D:4      | Reached skill level 5 in Dodging
  4739 | D:4      | Reached skill level 6 in Spellcasting
  4739 | D:4      | Reached XP level 7. HP: 15/38 MP: 13/18
  4955 | D:4      | Reached XP level 8. HP: 2/43 MP: 15/20
  5524 | D:4      | Got a slimy ring mail
  5529 | D:4      | Identified the +3 ring mail of Gallantry {rC+} (You found
                  | it on level 4 of the Dungeon)
  5744 | D:5      | Entered Level 5 of the Dungeon
  5828 | D:5      | Reached skill level 7 in Spellcasting
  5828 | D:5      | Reached skill level 1 in Evocations
  5927 | D:4      | Reached skill level 1 in Armour
  6234 | D:5      | Learned a level 5 spell: Alistair's Intoxication
  6239 | D:5      | Learned a level 4 spell: Hailstorm
  6482 | D:5      | Reached skill level 1 in Poison Magic
  6500 | D:5      | Reached skill level 5 in Stealth
  6736 | D:5      | Found a staircase to the Ecumenical Temple.
  6761 | Temple   | Entered the Ecumenical Temple
  7548 | D:6      | Reached skill level 8 in Spellcasting
  7678 | D:6      | Reached skill level 1 in Transmutations
  7678 | D:6      | Reached XP level 9. HP: 18/47 MP: 19/23
 10094 | D:7      | Found a broken altar of Ashenzari.
 10172 | D:7      | Reached skill level 5 in Poison Magic
 10196 | D:7      | You fall into a shaft and drop 2 floors!
 10361 | D:9      | Found a white marble altar of Elyvilon.
 10432 | D:9      | Reached skill level 9 in Spellcasting
 10646 | D:9      | Noticed a troll
 10655 | D:9      | Killed a troll
 11301 | D:8      | Reached XP level 10. HP: 51/51 MP: 20/25
 11434 | D:8      | Found a shimmering altar of Xom.
 11969 | D:7      | Found Zin's Purification Station.
 11971 | D:7      | Found a glowing silver altar of Zin.
 12016 | D:7      | Found a white marble altar of Elyvilon.
 12702 | D:3      | Became a worshipper of Sif Muna the Loreminder
 13151 | D:8      | Found an ancient bone altar of Kikubaaqudgha.
 13195 | D:8      | Slain by a wyvern

Illustrated notes

Levels and vault maps discovered:
D:1:      kb_arrival_jail, layout_basic, minivault_24, minmay_misc_feat_x
D:2:      layout_rooms, uniq_robin
D:3:      layout_rooms, nicolae_overflow_hidden_temple,
          nicolae_overflow_crystal_walls, corner_web_ring, uniq_sigmund
D:4:      layout_cave_pods, uniq_pikel
D:5:      layout_cave_pools, temple_green
D:6:      layout_loops_corners
D:7:      layout_gridville, zin_purify, cheibrodos_ashenzari_chains,
          minivault_4, elyvilon_altar_5
D:8:      layout_basic, xom_confusion_cloud, lemuel_coloured_pillars_altar,
          grunt_ministairs_2, kennysheep_potato
D:9:      layout_roguey, gammafunk_temple_overflow_claw, serial_glass,
          glass_columns_b, glass_columns_b, basic_altar, serial_shops,
          kennysheep_mini, dk_noncrumbling_2, st_stairs_3, minmay_quadrilaterals
Temple:   nicolae_temple_figure_eight

Skill      XL: |  1  2  3  4  5  6  7  8  9 |
---------------+----------------------------+-----
Ice Magic      | 5 6 7 8 |  8.4
Spellcasting   | 4 5 6 8 9 |  9.9
Dodging        | 3 5 6 |  6.1
Stealth        | 4 5 |  5.6
Fighting       | 1 |  1.6
Evocations     | 1 |  1.4
Armour         | 1 |  1.1
Poison Magic   | 3 7 |  7.6
Transmutations | 1 4 |  4.8
Maces & Flails | |  0.7

Action                   |  1- 3 |  4- 6 |  7- 9 | 10-12 || total
-------------------------+-------+-------+-------+-------++-------
Melee: Unarmed           |    15 |       |       |       ||    15
       Dagger            |    14 |    25 |     6 |       ||    45
       Club              |       |     3 |   203 |    16 ||   222
 Cast: Freeze            |    50 |    27 |     9 |     2 ||    88
       Frozen Ramparts   |       |    15 |    50 |    18 ||    83
Evoke: Wand              |       |       |     5 |       ||     5
  Use: Scroll            |     1 |     2 |     7 |       ||    10
 Stab: Sleeping          |       |     3 |     2 |       ||     5
       Distracted        |       |       |     1 |       ||     1
Armor: Robe              |    10 |    15 |       |       ||    25
       Ring mail         |       |       |   125 |    17 ||   142
Dodge: Dodged            |    43 |    52 |   173 |    40 ||   308

Table legend: (Time is in decaauts)
 A = Elapsed time spent in this place.
 B = Non-inter-level travel time spent in this place.
 C = Inter-level travel time spent in this place.
 D = Time resting spent in this place.
 E = Time spent auto-exploring this place.
 F = Levels seen in this place.
 G = Mean time per level.
                   A        B        C        D        E       F      G
               +--------+--------+--------+--------+--------+-----+--------+
         Total |  13279 |  12483 |    796 |   5277 |   5050 |  10 | 1327.9 |
       Dungeon |  13076 |  12290 |    786 |   5277 |   4863 |   9 | 1452.9 |
        Temple |    202 |    192 |     10 |      0 |    187 |   1 |  202.0 |
               +--------+--------+--------+--------+--------+-----+--------+

Top non-repeatable levels by time:
     D:6: 2115 daAuts
     D:4: 2012 daAuts
     D:3: 1868 daAuts
     D:7: 1715 daAuts
     D:2: 1324 daAuts
     D:1: 1290 daAuts
     D:8: 1290 daAuts
     D:5: 816 daAuts
     D:9: 643 daAuts
  Temple: 202 daAuts
